 Dungeon Crawl Stone Soup version 0.24.0-13-gcf9b319 (webtiles) character file.

Game seed: 835706249816591226, levelgen mode: deterministic

1579 mirelia the Covered (level 9, -5/68 HPs)
             Began as a Human Berserker on Jan 5, 2020.
             Was a Priest of Trog.
             Slain by a two-headed ogre
             ... wielding a +0 giant club
              (19 damage)
             ... on level 9 of the Dungeon on Jan 6, 2020.
             The game lasted 00:59:33 (6357 turns).

mirelia the Covered (Human Berserker)               Turns: 6357, Time: 00:59:33

Health: -5/68      AC: 12    Str: 21    XL:     9   Next: 14%
Magic:  9/9        EV: 11    Int:  8    God:    Trog [***...]
Gold:   372        SH:  0    Dex: 12    Spells: 8/8 levels left

rFire    . . .     SeeInvis .   y - +2 falchion (flame)
rCold    . . .     Gourm    .   (no shield)
rNeg     . . .     Faith    .   v - +1 scale mail
rPois    .         Spirit   .   I - +2 helmet
rElec    .         Reflect  .   F - scarf {repulsion}
rCorr    .         Harm     .   (no gloves)
MR       .....                  N - +0 pair of boots
Stlth    ..........             (no amulet)
HPRegen  0.21/turn              (no ring)
MPRegen  0.11/turn              (no ring)

@: lethally poisoned (-5 -> -5), about to teleport, berserk cooldown, starving,
repel missiles
A: no striking features
a: Berserk, Trog's Hand, Renounce Religion


You were on level 9 of the Dungeon.
You worshipped Trog.
Trog was most pleased with you.
You were starving.

You visited 2 branches of the dungeon, and saw 9 of its levels.

You collected 372 gold pieces.

Inventory:

Hand Weapons
 a - a +0 hand axe
 d - a +0 hunting sling
 h - a +0 whip of electrocution
 i - a +0 dagger of venom
 r - a +0 long sword
 t - the +5 hunting sling of Jempongo {flame, rF+}
   (You found it on level 4 of the Dungeon)

   It causes projectiles fired from it to burn those they strike, causing extra
   injury to most foes and up to half again as much damage against particularly
   susceptible opponents.
   It protects you from fire.
 y - a +2 falchion of flaming (weapon)
 A - a +0 hand crossbow
Missiles
 f - 105 arrows
 g - 109 stones
 j - 101 sling bullets
 q - 12 poisoned darts
 L - 7 silver javelins (quivered)
Armour
 l - a +0 chain mail
 u - a +0 cloak
 v - a +1 scale mail (worn)
 w - a +2 helmet
 F - a scarf of repulsion (worn)
 I - a +2 helmet (worn)
 N - a +0 pair of boots (worn)
Wands
 D - a wand of digging (5)
 K - a wand of flame (15)
Scrolls
 n - 2 scrolls of remove curse
 p - a scroll of blinking
 x - 5 scrolls of identify
 B - 2 scrolls of immolation {unknown}
 E - a scroll of enchant weapon {unknown}
 H - a scroll of amnesia {unknown}
 M - a scroll of silence {unknown}
Potions
 b - a potion of ambrosia {unknown}
 k - a potion of heal wounds
 m - 3 potions of magic
 s - a potion of mutation {unknown}
 z - a potion of might {unknown}
 J - a potion of haste {unknown}
Comestibles
 c - 10 rations


   Skills:
 + Level 5.1 Fighting
 + Level 1.9 Long Blades
 - Level 3.9(4.9) Axes
 * Level 4.3(5.0) Maces & Flails
 + Level 4.2(4.5) Slings
 + Level 2.1(3.5) Throwing
 * Level 5.4 Armour
 + Level 3.6 Dodging
 + Level 1.8 Stealth


You had 8 spell levels left.
You didn't know any spells.
Your spell library was empty.

Dungeon Overview and Level Annotations

Branches:
Dungeon (7/15)             Temple (1/1) D:5

Altars:
Cheibriados
Dithmenos
Gozag
Hepliaklqana
Kikubaaqudgha
Nemelex Xobeh
Okawaru
Ru
Sif Muna
Trog
Uskayaw
Wu Jian
Xom
Yredelemnul


Message History

The adder misses you.
The bullfrog moves out of view.
The centaur unwields a +0 dagger.
The centaur wields a +0 shortbow.
The centaur shoots an arrow.
The arrow closely misses you. The adder barely misses you.
You see here an arrow.
A two-headed ogre comes into view.
It is wielding a +0 giant club and a +0 giant spiked club.
You feel yourself speed up.
The centaur shoots an arrow.
The arrow is repelled.
The adder bites you but does no damage.
You see here an arrow.
As you read the scroll of teleportation, it crumbles to dust.
You feel strangely unstable.
You feel sick.
The centaur shoots an arrow.
The arrow hits you but does no damage. The adder bites you but does no damage.
The centaur shoots an arrow.
The arrow is repelled.
The adder closely misses you.
The centaur shoots an arrow.
The arrow hits you but does no damage.
You see here 2 arrows.
The adder barely misses you.
The two-headed ogre hits you with a +0 giant club!!
You die...

##### ....# ≈≈.#
..≈# #≈.# #.≈#
#≈.# ##.≈. #≈O#
#..≈# #≈@#
#..≈#####≈S#
..###..≈≈≈≈≈≈≈(#
#............(.#
.###.#...#.#.F#
.o....../.#..?...#
####.##...####...#
.. .....# #.cF# ##
#####.. ....#


You could see a two-headed ogre, a bullfrog, a centaur and an adder.

Vanquished Creatures
  Sigmund (D:5)
  Menkaure (D:5)
  Duvessa (D:4)
  A sky beast (D:6)
  An ice beast (D:5)
  A necrophage (D:6)
  A bullfrog (D:6)
  A water moccasin zombie (D:5)
  Dowan (D:4)
  A scorpion (D:4)
  3 killer bees (D:9)
  A crimson imp (D:5)
  3 orc priests
  2 orc wizards
  A bullfrog skeleton (D:6)
  Natasha (D:2)
  7 worker ants
  7 adders
  An ooze (D:4)
  2 worms
  2 dart slugs
  3 leopard geckos
  13 orcs
  9 bats
  5 giant cockroaches
  10 goblins
  10 hobgoblins
  3 jackals (D:1)
  6 kobolds
  4 quokkas
  A ball python (D:2)
  11 frilled lizards
  4 rats
119 creatures vanquished.

Notes
Turn   | Place    | Note
-------+----------+-------------------------------------------
     0 | D:1      | mirelia the Human Berserker began the quest for the Orb.
     0 | D:1      | Reached XP level 1. HP: 18/18 MP: 1/1
    76 | D:1      | Reached XP level 2. HP: 14/24 MP: 2/2
   821 | D:1      | Reached XP level 3. HP: 27/29 MP: 3/3
   932 | D:1      | Reached ** piety under Trog
  1138 | D:2      | Reached skill level 1 in Stealth
  1452 | D:2      | Reached XP level 4. HP: 33/35 MP: 4/4
  1796 | D:2      | Found an ancient bone altar of Kikubaaqudgha.
  1811 | D:2      | Found a shimmering blue altar of Sif Muna.
  1900 | D:2      | Noticed Natasha
  1903 | D:2      | Killed Natasha
  1903 | D:2      | Reached skill level 1 in Slings
  2093 | D:3      | Reached XP level 5. HP: 42/42 MP: 5/5
  3045 | D:3      | Reached *** piety under Trog
  3261 | D:4      | Reached skill level 1 in Maces & Flails
  3261 | D:4      | Reached XP level 6. HP: 35/48 MP: 6/6
  3371 | D:4      | Noticed Duvessa
  3371 | D:4      | Noticed Dowan
  3401 | D:4      | Killed Duvessa
  3401 | D:4      | Reached skill level 1 in Throwing
  3413 | D:4      | Killed Dowan
  3413 | D:4      | Reached XP level 7. HP: 16/54 MP: 7/7
  4189 | D:4      | Got a dazzling hunting sling
  4190 | D:4      | Identified the +5 hunting sling of Jempongo {flame, rF+}
                  | (You found it on level 4 of the Dungeon)
  4378 | D:5      | Entered Level 5 of the Dungeon
  4382 | D:5      | Noticed a +0 hand axe
  4382 | D:5      | Noticed a +0 dagger
  4385 | D:5      | Found a hide-covered altar of Uskayaw.
  4385 | D:5      | Noticed Sigmund
  4391 | D:5      | Killed Sigmund
  4512 | D:5      | Found an ornate altar of the Wu Jian Council.
  4525 | D:5      | Found an opulent altar of Gozag.
  4637 | D:5      | Found a sparkling altar of Nemelex Xobeh.
  4747 | D:5      | Found an iron altar of Okawaru.
  4904 | D:5      | Found a staircase to the Ecumenical Temple.
  4912 | Temple   | Entered the Ecumenical Temple
  4998 | D:5      | Noticed Menkaure
  4999 | D:5      | Reached XP level 8. HP: 61/61 MP: 8/8
  5002 | D:5      | Killed Menkaure
  5265 | D:6      | Found a snail-covered altar of Cheibriados.
  5330 | D:6      | Reached skill level 1 in Long Blades
  5598 | D:6      | Reached skill level 5 in Armour
  5957 | D:6      | Reached XP level 9. HP: 58/67 MP: 9/9
  5959 | D:6      | Reached skill level 5 in Fighting
  6289 | D:7      | You fall into a shaft and drop 2 floors!
  6336 | D:9      | HP: 3/68 [killer bee (4)]
  6354 | D:9      | Noticed a two-headed ogre
  6357 | D:9      | Slain by a two-headed ogre

Levels and vault maps discovered:
D:1:      tarquinn_simple_flora_water_b, layout_basic
D:2:      layout_basic, amethyst_overflow_temple_binary, uniq_natasha
D:3:      layout_loops_ring, minmay_misc_feat_columns, serial_bayou_pond_c,
          minmay_lizard_king
D:4:      layout_loops_ring, first_ration, uniq_duvessa
D:5:      layout_rooms, kennysheep_little_box, nicolae_gozag_seed_capital,
          dancing_weapons_uskayaw, kennysheep_mini_moat, lemuel_crystal_altar,
          minmay_temple_entry_glassed_door, st_stairs_12, serial_bayou_lagoon_a,
          nrook_pool_corridor, kennysheep_generic_room_16, uniq_menkaure,
          uniq_sigmund
D:6:      layout_gridville, hangedman_decor_points, cheibriados_altar_1
D:7:      layout_basic, grunt_temple_overflow_forces_of_nature,
          ebering_ghost_reflecting_pool
D:9:      layout_rooms, grunt_temple_overflow_lords_of_destruction,
          old_standard_altar, ebering_ghost_reflecting_pool, enter_bailey_3,
          david_nohive_1, trog_hazing_becter
Temple:   compressed_dpeg_circular_temple

Skill      XL: |  1  2  3  4  5  6  7  8  9 |
---------------+----------------------------+-----
Stealth        | 1 |  1.8
Slings         | 1 2 4 |  4.2
Fighting       | 4 5 |  5.1
Maces & Flails | 1 2 3 4 |  4.3
Throwing       | 1 2 |  2.1
Armour         | 3 4 5 |  5.4
Dodging        | 3 |  3.6
Long Blades    | 1 |  1.9
Axes           | |  3.9

Action                   |  1- 3 |  4- 6 |  7- 9 || total
-------------------------+-------+-------+-------++-------
Melee: Hand axe          |    67 |    53 |       ||   120
       Dagger            |    15 |    18 |     6 ||    39
       Whip              |       |    81 |    90 ||   171
       Falchion          |       |       |    55 ||    55
 Fire: Hunting sling     |       |    24 |    53 ||    77
Throw: Stone             |     6 |    67 |     8 ||    81
Invok: Berserk           |     1 |     1 |     1 ||     3
  Use: Scroll            |     3 |     3 |     3 ||     9
       Potion            |     1 |     2 |     3 ||     6
  Eat: Chunk             |     2 |     7 |     2 ||    11
       Ration            |       |       |     2 ||     2
Armor: Animal skin       |     5 |       |       ||     5
       Leather armour    |     4 |    39 |       ||    43
       Ring mail         |       |    17 |    41 ||    58
       Scale mail        |       |       |    48 ||    48
Dodge: Dodged            |    55 |    97 |   112 ||   264
       Deflected         |       |       |     2 ||     2
       Rpst.: Falchion   |       |       |    14 ||    14
